 Dungeon Crawl Stone Soup version 0.28.0-43-g3370ac3207 (webtiles) character file.

Game seed: 17700079240732163906

9 Ablot the Grasshopper (level 2, -3/26 HPs)
             Began as a Gnoll Warper on Mar 4, 2022.
             Slain by a gnoll
             ... wielding a +0 spear
              (4 damage)
             ... on level 1 of the Dungeon.
             The game lasted 00:01:03 (270 turns).

Ablot the Grasshopper (Gnoll Warper)                 Turns: 270, Time: 00:01:04

Health: -3/26      AC:  3    Str: 10    XL:     2   Next: 16%
Magic:  7/7        EV: 12    Int: 12    God:
Gold:   5          SH:  0    Dex: 11    Spells: 10/10 levels left

rFire   . . .      SeeInvis .   a - +0 spear
rCold   . . .      Faith    .   (no shield)
rNeg    . . .      Spirit   .   b - +0 leather armour
rPois   .          Reflect  .   (no helmet)
rElec   .          Harm     .   (no cloak)
rCorr   .          Rampage  .   (no gloves)
Will    .....                   (no boots)
Stlth   +.........              (no amulet)
HPRegen 0.08/turn               (no ring)
MPRegen 0.10/turn               (no ring)

@: no status effects
A: fangs 1, strong nose, distributed training
a: no special abilities


You were on level 1 of the Dungeon.
You visited 1 branch of the dungeon, and saw 1 of its levels.

You collected 5 gold pieces.

Inventory:

Hand Weapons
 a - a +0 spear (weapon)
Missiles
 d - 5 boomerangs of dispersal (quivered)
 f - 3 stones
Armour
 b - a +0 leather armour (worn)
Scrolls
 c - a scroll of blinking
Potions
 e - a potion of berserk rage {unknown}
 g - a potion of mutation {unknown}
 h - a potion of lignification {unknown}


   Skills:
 + Level 4.4 Fighting
 + Level 0.3 Short Blades
 + Level 0.3 Long Blades
 + Level 0.3 Axes
 + Level 0.3 Maces & Flails
 + Level 4.4 Polearms
 + Level 0.3 Staves
 + Level 0.3 Slings
 + Level 0.3 Bows
 + Level 0.3 Crossbows
 + Level 2.4 Throwing
 + Level 2.4 Armour
 + Level 4.4 Dodging
 + Level 0.3 Stealth
 + Level 0.3 Shields
 + Level 0.3 Unarmed Combat
 + Level 4.9 Spellcasting
 + Level 0.2 Conjurations
 + Level 0.2 Hexes
 + Level 0.2 Summonings
 + Level 0.2 Necromancy
 + Level 5.3 Translocations
 + Level 0.2 Transmutations
 + Level 0.2 Fire Magic
 + Level 0.2 Ice Magic
 + Level 0.2 Air Magic
 + Level 0.2 Earth Magic
 + Level 0.2 Poison Magic
 + Level 0.4 Invocations
 + Level 0.3 Evocations


You had 10 spell levels left.
You didn't know any spells.
Your spell library contained the following spells:

 Spells                   Type           Power      Damage    Failure   Level
 Blink                    Tloc           30%        N/A       4%          2
 Gell's Gravitas          Tloc           15%        N/A       9%          3
 Lesser Beckoning         Tloc           15%        N/A       9%          3
 Teleport Other           Tloc           15%        N/A       9%          3
 Manifold Assault         Tloc           15%        N/A       63%         5
 Hailstorm                Conj/Ice       3%         3d3       94%         4
 Ice Form                 Ice/Tmut       3%         N/A       94%         4
 Simulacrum               Ice/Necr       1%         N/A       100%        6


Dungeon Overview and Level Annotations

Branches:
Dungeon (1/15)

Altars:


Innate Abilities, Weirdness & Mutations

You have very sharp teeth.
Your uncanny sense of smell can sniff out nearby items.
Your experience applies equally to all skills.


Message History

The gnoll hits you from afar with a +0 spear.
You hit the dart slug.
You kill the dart slug!
You barely miss the hobgoblin. You hit the hobgoblin but do no damage.
The hobgoblin hits you but does no damage.
You hit the hobgoblin.
The hobgoblin is lightly wounded.
The gnoll hits you from afar with a +0 spear!
The hobgoblin barely misses you.
You hit the hobgoblin but do no damage.
The hobgoblin is lightly wounded.
The gnoll barely misses you. The hobgoblin hits you.
* * * LOW HITPOINT WARNING * * *
You hit the hobgoblin.
The hobgoblin is heavily wounded.
The gnoll barely misses you. The hobgoblin hits you.
* * * LOW HITPOINT WARNING * * *
You hit the hobgoblin.
The hobgoblin is severely wounded.
The gnoll barely misses you. The hobgoblin closely misses you.
You barely miss the hobgoblin.
The hobgoblin is severely wounded.
The gnoll closely misses you.
The hobgoblin hits you but does no damage.
You hit the hobgoblin but do no damage. Your bite misses the hobgoblin.
The hobgoblin is severely wounded.
The gnoll hits you from afar with a +0 spear.
* * * LOW HITPOINT WARNING * * *
You completely miss the hobgoblin.
The hobgoblin is severely wounded.
The hobgoblin hits you but does no damage.
You hit the hobgoblin.
The hobgoblin is almost dead.
The gnoll barely misses you.
The hobgoblin hits you but does no damage.
You closely miss the hobgoblin.
The hobgoblin is almost dead.
The gnoll hits you from afar with a +0 spear.
You die...

#...# #.....
###...# #.....
#gg.#.# ##....
#†#...# ####..
####)########....#
#gr.g.......#.##..
#g##..####......##
#g##..# #^#.##
#@##.... #.#.##
#.###.#.# #.....
######.## .#.#
###.## #.......#
.. . ###.##
#.##.#..# ## #
#..... #.##.#..#
#.###. #.#..#).#
#.# #. #.#.##..#
#.###. #.......#
#..>..


You could see a gnoll, a hobgoblin, a goblin and a rat.

Vanquished Creatures
  A dart slug (D:1)
  A ball python (D:1)
  An endoplasm (D:1)
  A frilled lizard (D:1)
  A goblin (D:1)
  2 kobolds (D:1)
  2 rats (D:1)
9 creatures vanquished.

Notes
Turn   | Place    | Note
-------+----------+-------------------------------------------
     0 | D:1      | Ablot the Gnoll Warper began the quest for the Orb.
     0 | D:1      | Reached XP level 1. HP: 20/20 MP: 6/6
   249 | D:1      | Reached XP level 2. HP: 23/26 MP: 7/7
   267 | D:1      | HP: 1/26 [gnoll/+0 spear (5)]
   270 | D:1      | Slain by a gnoll

Illustrated notes

Levels and vault maps discovered:
D:1:      moated_graveyard_arrival, layout_loops_cross

Action                   || total
-------------------------++-------
Melee: Spear             ||    43
       Bite              ||     2
Armor: Leather armour    ||     8
Dodge: Dodged            ||    17
